 Dungeon Crawl Stone Soup version 0.28-a0-1395-g4f6bc678fa (webtiles) character file.

Game seed: 11057475365916936711

1 IndexError the Caller (level 1, 13/13 HPs)
             Began as a Gnoll Summoner on Jan 4, 2022.
             Was a Follower of Ru.
             Quit the game on level 1 of the Dungeon.
             The game lasted 00:01:15 (188 turns).

IndexError the Caller (Gnoll Summoner)               Turns: 188, Time: 00:01:16

Health: 13/13      AC:  2    Str:  7    XL:     1   Next: 20%
Magic:  6/6        EV: 11    Int: 14    God:    Ru [*.....]
Gold:   7          SH:  0    Dex: 12    Spells: 8/9 levels left

rFire   . . .      SeeInvis .   c - +0 war axe
rCold   . . .      Faith    .   (no shield)
rNeg    . . .      Spirit   .   a - +0 robe
rPois   .          Reflect  .   (no helmet)
rElec   .          Harm     .   (no cloak)
rCorr   .          Rampage  .   (no gloves)
Will    .....                   (no boots)
Stlth   ++........              (no amulet)
HPRegen 0.04/turn               (no ring)
MPRegen 0.10/turn               (no ring)

@: no status effects
A: fangs 1, inability to train dodging, strong nose, distributed training
a: Renounce Religion


You were on level 1 of the Dungeon.
You worshipped Ru.
Ru was aware of your devotion.
You visited 1 branch of the dungeon, and saw 1 of its levels.

You collected 7 gold pieces.

Inventory:

Hand Weapons
 c - a +0 war axe (weapon)
   (You found it on level 1 of the Dungeon)
Missiles
 d - 15 stones (quivered)
Armour
 a - a +0 robe (worn)
Scrolls
 b - a scroll of fog {unknown}
 e - a scroll of immolation {unknown}


   Skills:
 + Level 0.0 Fighting
 + Level 0.0 Short Blades
 + Level 0.0 Long Blades
 + Level 0.0 Axes
 + Level 0.0 Maces & Flails
 + Level 0.0 Polearms
 + Level 0.0 Staves
 + Level 0.0 Slings
 + Level 0.0 Bows
 + Level 0.0 Crossbows
 + Level 0.0 Throwing
 + Level 0.0 Armour
   Level 0.0 Dodging
 + Level 4.0 Stealth
 + Level 0.0 Shields
 + Level 0.0 Unarmed Combat
 + Level 4.8 Spellcasting
 + Level 0.0 Conjurations
 + Level 0.0 Hexes
 + Level 7.0 Summonings
 + Level 0.0 Necromancy
 + Level 0.0 Translocations
 + Level 0.0 Transmutations
 + Level 0.0 Fire Magic
 + Level 0.0 Ice Magic
 + Level 0.0 Air Magic
 + Level 0.0 Earth Magic
 + Level 0.0 Poison Magic
 + Level 0.0 Invocations
 + Level 0.0 Evocations


You had 8 spell levels left.
You knew the following spells:

 Your Spells              Type           Power      Damage    Failure   Level
a - Summon Small Mammal   Summ           92%        N/A       1%          1

Your spell library contained the following spells:

 Spells                   Type           Power      Damage    Failure   Level
 Call Imp                 Summ           23%        N/A       1%          2
 Call Canine Familiar     Summ           23%        N/A       3%          3
 Summon Guardian Golem    Hex/Summ       13%        N/A       13%         3
 Summon Lightning Spire   Summ/Air       13%        N/A       38%         4


Dungeon Overview and Level Annotations

Branches:
Dungeon (1/15)

Altars:
Ru


Innate Abilities, Weirdness & Mutations

You have very sharp teeth.
You cannot train Dodging skill.
Your uncanny sense of smell can sniff out nearby items.
Your experience applies equally to all skills.


Message History

Options error: Bad channel -- pray (HDAMessageColors.rc:28) Options error: Bad channel -- food (HDAMessageColors.rc:31) Options error: Bad channel -- rotten_meat (HDAMessageColors.rc:48) Options error: Bad object type '%}\|' for autopickup. (HilariousDeathArtist.rc:711) Welcome, IndexError the Gnoll Summoner.
Below lies the Orb of Zot, rumoured to be powerful enough to resurrect a god...
Press ? for a list of commands and other information.
Found a staircase leading out of the dungeon.
You open the door.
There is an open door here.
A kobold comes into view. It is wielding a +0 club.
A kobold comes into view. It is wielding a +0 short sword.
Found a stone staircase leading down.
A frilled lizard comes into view.
There is a stone staircase leading down here.
b - a scroll labelled SUUBEMUREBB
c - a +0 war axe You see here 15 stones.
d - 15 stones
c - a +0 war axe (weapon)
Found a stone staircase leading down.
Found a faded altar of an unknown god.
A hobgoblin comes into view.
A ball python comes into view.
There is a faded altar of an unknown god here.
You cannot tell which god this altar belongs to.
Convert to them anyway?
Ru accepts your prayer! Ru welcomes you!
There are monsters nearby!
You see here a scroll labelled SIUCRE HAEHI.
The ball python barely misses you. x2
You hit the ball python. You slash the plant!
The plant begins to die.
You hit the plant but do no damage. You hit the fungus.
The fungus begins to die.
The ball python closely misses you. The ball python grabs you.
The ball python constricts you.
The ball python bites you but does no damage.
The ball python constricts you.
You take 1 damage, and have 12/13 hp.
You hit the ball python. You slash the plant! You hit the plant.
The plant begins to die.
You hit the fungus.
No target in view!
No target in view!
No target in view!
A nearby plant withers and dies.
A nearby fungus withers and dies.
A nearby plant withers and dies.
Ru believes you are ready to make a new sacrifice.
HP restored.
e - a scroll labelled SIUCRE HAEHI Health restored: 13 Ru asks you to sacrifice your Dodging skill.
This is a major sacrifice.
Piety after sacrifice: *.....
Do you really want to make this sacrifice?
You can no longer train Dodging skill.
Your Dodging skill lost 4 levels and is now at level 0!
You now exude an aura of power that intimidates your foes.
Okay, then.
You now have 7 gold pieces.
You see here a ball python corpse.
There is a sacrificial altar of Ru here.
A hobgoblin is nearby!
Are you sure you want to abandon this character and quit the game? (Confirm with "yes".)

..##P..##.............
.. #.....PP#...........#
...#P.PP...#...........#
.g.#...P..P#...........#
#..P.PP.P.#..........#
#..PP..PP.#..........#
#.PPP.P...#...######.+
#..PP.P..P#.### #.#
#####@#####.# #.#
#..P.....P#.# #.#
#.......P.#.# #.#
#.........#.# #.#
#P..†.....#.# #..
#.#..P...P#..# ###
###P.P....#..# ∆
##..P....#.##
#.##PP.##..#


You could see a hobgoblin (asleep).

Vanquished Creatures
  A ball python (D:1)
1 creature vanquished.

Vanquished Creatures (others)
  A fungus (D:1)
  2 plants (D:1)
3 creatures vanquished.

Grand Total: 4 creatures vanquished

Notes
Turn   | Place    | Note
-------+----------+-------------------------------------------
     0 | D:1      | IndexError the Gnoll Summoner began the quest for the Orb.
     0 | D:1      | Reached XP level 1. HP: 13/13 MP: 6/6
   107 | D:1      | Found a faded altar of an unknown god.
   123 | D:1      | Prayed at the altar of an unknown god.
   123 | D:1      | Became a worshipper of Ru the Awakened
   153 | D:1      | Gained mutation: You cannot train Dodging skill. [Ru
                  | sacrifice]
   153 | D:1      | Reduced skill Dodging to level 0
   153 | D:1      | Reached * piety under Ru
   188 | D:1      | Quit the game

Illustrated notes

Levels and vault maps discovered:
D:1:      mushboom_english_gardens, layout_basic, shapermc_ecumenical_altar_gd,
          minmay_hexomino_f4

Skill      XL: |  1 |
---------------+----+-----
Dodging        | 0 |  0.0
Stealth        | |  4.0
Spellcasting   | |  4.8
Summonings     | |  7.0

Action                   || total
-------------------------++-------
Melee: War axe           ||     2
Invok: Sacrifice Nimblen ||     1
Armor: Robe              ||     1
Dodge: Dodged            ||     3

Table legend: (Time is in decaauts)
 A = Elapsed time spent in this place.
 B = Non-inter-level travel time spent in this place.
 C = Inter-level travel time spent in this place.
 D = Time resting spent in this place.
 E = Time spent auto-exploring this place.
 F = Levels seen in this place.
 G = Mean time per level.
                   A        B        C        D        E       F      G
               +--------+--------+--------+--------+--------+-----+--------+
         Total |    188 |    188 |      0 |      0 |    151 |   1 |  188.0 |
       Dungeon |    188 |    188 |      0 |      0 |    151 |   1 |  188.0 |
               +--------+--------+--------+--------+--------+-----+--------+

Top non-repeatable levels by time:
     D:1: 188 daAuts

Table legend:
 A = Kills in this place as a percentage of kills in entire the game.
 B = Kills by you in this place as a percentage of kills by you in the entire game.
 C = Kills by friends in this place as a percentage of kills by friends in the entire game.
 D = Other kills in this place as a percentage of other kills in the entire game.
 E = Experience gained in this place as a percentage of experience gained in the entire game.
 F = Experience gained in this place divided by the number of levels of this place that you have seen.
                   A       B       C       D       E      F
               +-------+-------+-------+-------+-------+----------------------
         Total | 100.0 | 100.0 |   N/A |   N/A | 100.0 |   2.0
       Dungeon | 100.0 | 100.0 |   N/A |   N/A | 100.0 |   2.0
               +-------+-------+-------+-------+-------+----------------------
